 Dungeon Crawl Stone Soup version 0.30.1-3-gfc49f6343a (webtiles) character file.

Game seed: 12290680348491129860

59 DemonSlayer the Digger (level 3, -5/24 HPs)
             Began as a Demonspawn Earth Elementalist on July 23, 2023.
             Slain by an orc
             ... wielding a +0 trident
              (7 damage)
             ... on level 3 of the Dungeon.
             The game lasted 00:04:04 (2224 turns).

DemonSlayer the Digger (DsEE)                       Turns: 2224, Time: 00:04:04

Health: -5/24      AC:  4    Str:  8    XL:     3   Next: 78%
Magic:  6/7        EV: 12    Int: 16    God:
Gold:   141        SH:  0    Dex: 15    Spells: 3/7 levels left

rFire   . . .        f - +0 dagger
rCold   + . .        (no shield)
rNeg    . . .        a - +1 robe
rPois   .            (helmet restricted)
rElec   .            (no cloak)
rCorr   .            (no gloves)
SInv    .            p - +0 pair of boots
Will    .....        (no amulet)
Stlth   ++           h - +4 ring of slaying
HPRegen 0.24/turn    i - ring of protection from cold
MPRegen 0.10/turn

%: no passive effects
@: attractive
A: antennae 1, demonic magic 1
a: no special abilities


You were on level 3 of the Dungeon.
You visited 1 branch of the dungeon, and saw 3 of its levels.

You collected 141 gold pieces.

Inventory:

Hand Weapons
 f - a +0 dagger (weapon)
Missiles
 b - a throwing net
Armour
 a - a +1 robe (worn)
 p - a +0 pair of boots (worn)
Jewellery
 h - a +4 ring of slaying (left hand)
 i - a ring of protection from cold (right hand)
Scrolls
 d - 3 scrolls of vulnerability
 j - a scroll of amnesia
Potions
 c - a potion of attraction
 g - a potion of might {unknown}
 m - a potion of mutation {unknown}


   Skills:
 + Level 0.1 Fighting
 + Level 0.3 Short Blades
 + Level 1.9 Dodging
 + Level 2.0 Stealth
 + Level 2.7 Spellcasting
 + Level 0.8 Transmutations
 + Level 3.5 Earth Magic


You had 3 spell levels left.
You knew the following spells:

 Your Spells              Type           Power      Damage    Failure   Level
a - Sandblast             Erth           26%        2d8       4%          1
b - Stone Arrow           Conj/Erth      14%        3d7       28%         3

Your spell library contained the following spells:

 Spells                   Type           Power      Damage    Failure   Level
 Passwall                 Tmut/Erth      7%         N/A       12%         2
 Vhi's Electric Charge    Tloc/Air       4%         N/A       50%         3
 Petrify                  Tmut/Erth      9%         N/A       61%         4
 Arcjolt                  Conj/Air       1%         1d11      99%         5
 Plasma Beam              Fire/Air       1%         2x1d12    100%        6


Dungeon Overview and Level Annotations

Branches:
Dungeon (3/15)

Altars:


Innate Abilities, Weirdness & Mutations

You have a pair of small antennae on your head.
Spells you cast may paralyse adjacent enemies.


Message History

You kill the orc!
Malevolent energies surge around you.
The blast of sand hits the orc!
You kill the orc!
Malevolent energies surge around you.
The blast of sand misses the orc.
Malevolent energies surge around you. The orc closely misses you.
The blast of sand hits the orc but does no damage.
Malevolent energies surge around you.
The orc suddenly stops moving! x2
The helpless orc fails to defend itself.
You hit the orc.
The orc is severely wounded.
The orc misses you.
The helpless orc fails to defend itself.
You puncture the orc!
You kill the orc!
The orc hits you from afar with a +0 trident.
The helpless orc fails to defend itself.
You puncture the orc!
You kill the orc!
The orc barely misses you. The orc hits you with a +0 falchion.
Magic courses through your body.
The orc hits you from afar with a +0 trident.
The orc barely misses you.
The blast of sand hits the orc.
The orc is heavily wounded.
Malevolent energies surge around you. The orc barely misses you. x2
The blast of sand hits the orc.
The orc is almost dead.
Malevolent energies surge around you. The orc barely misses you.
The orc hits you from afar with a +0 trident!
The orc completely misses you.
The orc hits you from afar with a +0 trident!
* * * LOW HITPOINT WARNING * * *
Okay, then.
Okay, then.
It was a potion of attraction.
You feel attractive to monsters.
The orc hits you from afar with a +0 trident!
You die...

#.#.#.#...#.####..#...#..
#.#.#.#>......##).#....#
#.#..)..#.#.......#......
#.....#.#.#.#.....#....##
#........................
#######.#.#.#.##.........#.
............#.##)o..#
#####.#...#.# ##o##..#
#.####### #@# .o.o.
#........ #.# ##.#.o#
#.####### #.# .# .# #.#
#####.# # # #.# #.....#
####.######.....#
#.........#.....#
####............#
#.####.#.....#


You could see 2 orcs.

Vanquished Creatures
  2 adders (D:2)
  A dart slug (D:2)
  6 orcs (D:3)
  3 endoplasms
  4 goblins
  3 hobgoblins
  2 jackals (D:1)
  A quokka (D:1)
  3 ball pythons
  4 frilled lizards
  A kobold (D:1)
  4 rats
34 creatures vanquished.

Notes
Turn   | Place    | Note
-------+----------+-------------------------------------------
     0 | D:1      | DemonSlayer the Demonspawn Earth Elementalist began the
                  | quest for the Orb.
     0 | D:1      | Reached XP level 1. HP: 13/13 MP: 3/3
    23 | D:1      | You fall into a shaft and drop 1 floor!
    45 | D:2      | Reached skill level 3 in Earth Magic
    45 | D:2      | Discovered your monstrous ancestry.
    45 | D:2      | Gained mutation: You have a pair of small antennae on your
                  | head. [demonic ancestry]
    45 | D:2      | Reached XP level 2. HP: 6/19 MP: 3/5
   929 | D:2      | Gained mutation: Spells you cast may paralyse adjacent
                  | enemies. [demonic ancestry]
   929 | D:2      | Reached XP level 3. HP: 24/24 MP: 4/6
  1674 | D:2      | Learned a level 3 spell: Stone Arrow
  2222 | D:3      | HP: 1/24 [orc/+0 trident (7)]
  2224 | D:3      | Slain by an orc

Illustrated notes

Levels and vault maps discovered:
D:1:      dpeg_arrival_rhombus, layout_loops_ring, hangedman_decor_growths
D:2:      layout_basic
D:3:      layout_basic

Skill      XL: |  1  2  3 |
---------------+----------+-----
Earth Magic    | 3 |  3.5
Stealth        | 2 |  2.0
Fighting       | |  0.1
Short Blades   | |  0.3
Dodging        | |  1.9
Spellcasting   | |  2.7
Transmutations | |  0.8

Action                     || total
---------------------------++-------
  Melee: Dagger            ||    17
   Cast: Sandblast         ||    47
    Use: Potion            ||     3
         Scroll            ||     7
   Stab: Paralysed         ||     3
  Dodge: Dodged            ||    27
